 Dungeon Crawl Stone Soup version 0.27-a0-909-g0721f309d1 (webtiles) character file.

Game seed: 4322205488388808966

97 kae the Insei (level 4, -2/34 HPs)
             Began as a Demonspawn Gladiator on Apr 8, 2021.
             Slain by Natasha (4 damage)
             ... on level 2 of the Dungeon.
             The game lasted 00:00:36 (1052 turns).

kae the Insei (Demonspawn Gladiator)                Turns: 1052, Time: 00:00:37

Health: -2/34      AC:  4    Str: 15    XL:     4   Next: 42%
Magic:  4/4        EV: 12    Int: 11    God:
Gold:   21         SH:  0    Dex: 15    Spells: 3/3 levels left

rFire    . . .     SeeInvis .     - Unarmed
rCold    . . .     Faith    .   (no shield)
rNeg     . . .     Spirit   .   a - +0 leather armour
rPois    .         Reflect  .   b - +0 helmet
rElec    .         Harm     .   (no cloak)
rCorr    .         Rampage  .   (no gloves)
Will     .....                  (no boots)
Stlth    +.........             (no amulet)
HPRegen  0.11/turn              (no ring)
MPRegen  0.09/turn              (no ring)

@: slowed, very slow
A: talons 1, big brain 1
a: no special abilities


You were on level 2 of the Dungeon.
You visited 1 branch of the dungeon, and saw 2 of its levels.

You collected 21 gold pieces.

Inventory:

Missiles
 c - 3 throwing nets (quivered)
Armour
 a - a +0 leather armour (worn)
 b - a +0 helmet (worn)
Scrolls
 e - 2 scrolls of amnesia {unknown}
Potions
 d - a potion of magic {unknown}


   Skills:
 + Level 2.9 Fighting
 - Level 1.7 Throwing
 + Level 3.3 Dodging
 * Level 3.9 Unarmed Combat


You had 3 spell levels left.
You didn't know any spells.
Your spell library was empty.

Dungeon Overview and Level Annotations

Branches:
Dungeon (2/15)

Altars:

Annotations:
D:2 Natasha


Innate Abilities, Weirdness & Mutations

You have sharp toenails.
You have an unusually large brain. (Int +2)


Message History

No target in view!
No target in view!
No target in view!
An adder comes into view.
The adder moves out of view.
Key pressed, stopping explore.
No target in view!
No target in view!
Natasha, Servant of Life and Death comes into view.
Things that are here:
a +0 long sword; a +0 hunting sling; 20 stones Natasha is nearby!
Natasha hisses angrily.
Natasha claws you!
You hit Natasha but do no damage. Your kick misses Natasha.
Natasha casts a spell at you.
You feel yourself slow down.
Natasha is nearby!
You barely miss Natasha. Natasha claws you.
You hit Natasha.
Natasha is moderately wounded.
Natasha claws you.
You are too injured to fight recklessly!
You are too injured to fight recklessly!
You are too injured to fight recklessly!
You are too injured to fight recklessly!
You are too injured to fight recklessly!
You are too injured to fight recklessly!
You hit Natasha. You claw Natasha.
Natasha is severely wounded.
Natasha closely misses you. Natasha claws you.
You barely miss Natasha.
Natasha is severely wounded.
Natasha casts a spell at you. The magic dart hits you!
* * * LOW HITPOINT WARNING * * *
You hit Natasha. You claw Natasha.
Natasha is almost dead.
Natasha claws you but does no damage. Natasha claws you.
You die...

#...## .....# #
#....# # #. #....# #
#.# #....# #
##...#....# ##+#
.......h..#.# #...
.......@).#.# #.>.
....>.....#.# #...
......###)#.# #...
...... #†#.# #...
..... #.#.# #...
..... #.#.### #...
#### #)#...# #...
#†#.#########...
#####...............


You could see Natasha.

Vanquished Creatures
  A howler monkey (D:2)
  Natasha (D:2)
  An adder (D:2)
  2 dart slugs (D:2)
  A bat (D:2)
  An endoplasm (D:1)
  4 giant cockroaches (D:1)
  A hobgoblin (D:2)
  A kobold (D:1)
  4 ball pythons
  6 goblins
  5 rats (D:1)
28 creatures vanquished.

Notes
Turn   | Place    | Note
-------+----------+-------------------------------------------
     0 | D:1      | kae the Demonspawn Gladiator began the quest for the Orb.
     0 | D:1      | Reached XP level 1. HP: 16/16 MP: 1/1
   242 | D:1      | Gained mutation: You have sharp toenails. [demonic
                  | ancestry]
   242 | D:1      | Reached XP level 2. HP: 20/22 MP: 2/2
   554 | D:2      | Found a faded altar of an unknown god.
   727 | D:2      | Reached XP level 3. HP: 28/28 MP: 3/3
   729 | D:2      | Noticed Natasha
   737 | D:2      | Killed Natasha
   976 | D:2      | Gained mutation: You have an unusually large brain. (Int
                  | +2) [demonic ancestry]
   976 | D:2      | Reached XP level 4. HP: 32/34 MP: 4/4
  1043 | D:2      | Noticed Natasha
  1052 | D:2      | Slain by Natasha

Illustrated notes

Levels and vault maps discovered:
D:1:      lightli_arrival_windingriver, layout_rooms, minmay_misc_feat_columns
D:2:      layout_basic, basic_ecumenical_altar, interstate_on_off, uniq_natasha

Skill      XL: |  1  2 |
---------------+-------+-----
Unarmed Combat | 3 |  3.9
Dodging        | 3 |  3.3
Fighting       | |  2.9
Throwing       | |  1.7

Action                   |  1- 3 |  4- 6 || total
-------------------------+-------+-------++-------
Melee: Unarmed           |    79 |    14 ||    93
       Kick              |    11 |     7 ||    18
       Punch             |     2 |       ||     2
Armor: Leather armour    |    16 |     2 ||    18
Dodge: Dodged            |    45 |     5 ||    50

Table legend: (Time is in decaauts)
 A = Elapsed time spent in this place.
 B = Non-inter-level travel time spent in this place.
 C = Inter-level travel time spent in this place.
 D = Time resting spent in this place.
 E = Time spent auto-exploring this place.
 F = Levels seen in this place.
 G = Mean time per level.
                   A        B        C        D        E       F      G
               +--------+--------+--------+--------+--------+-----+--------+
         Total |   1050 |   1026 |     24 |      0 |    850 |   2 |  525.0 |
       Dungeon |   1050 |   1026 |     24 |      0 |    850 |   2 |  525.0 |
               +--------+--------+--------+--------+--------+-----+--------+

Top non-repeatable levels by time:
     D:1: 550 daAuts
     D:2: 499 daAuts
